 Dungeon Crawl Stone Soup version 0.32-a0-886-g41c5271 (webtiles) character file.

Game seed: 12078722347992777898

26166 uuddlrlrba the Destroyer (level 12, -3/105 HPs)
             Began as a Spriggan Alchemist on Apr 1, 2024.
             Was a High Priest of Vehumet.
             Succumbed to a -4 hand axe of venom's poison
             ... on level 13 of the Dungeon on Apr 2, 2024.
             The game lasted 01:01:08 (16398 turns).

uuddlrlrba the Destroyer (Spriggan Alchemist)      Turns: 16398, Time: 01:01:09

Health: -3/105     AC:  7    Str:  3    XL:     12   Next: 95%
Magic:  1/25       EV: 24    Int: 17    God:    Vehumet [*****.]
Gold:   900        SH:  0    Dex: 26    Spells: 11/28 levels left

rFire   x . .        U - +7 hand axe (freeze)
rCold   + . .        P - orb {*channel}
rNeg    . . .        z - +0 troll leather armour
rPois   .            (helmet restricted)
rElec   .            S - scarf {+Inv}
rCorr   .            (gloves unavailable)
SInv    +            (boots unavailable)
Will    +++..        g - amulet of regeneration Stlth
                     n - +4 ring of protection
HPRegen 1.97/turn    B - ring of Henotheism {Ice Will+ Str-2 Dex+5}
MPRegen 0.19/turn

%: channel magic (20%)
@: berserking, lethally poisoned (-3 -> -27), very quick
A: very small, no large weapons, unfitting armour, see invisible, speed 3, agile
1, robust 1
a: Renounce Religion, Evoke Invisibility


You were on level 13 of the Dungeon.
You worshipped Vehumet.
Vehumet was extremely pleased with you.
You visited 2 branches of the dungeon, and saw 15 of its levels.
You also visited: Ossuary and Ice Cave.

You collected 1035 gold pieces.
You spent 135 gold pieces at shops.

Inventory:

Hand Weapons
 U - a +7 hand axe of freezing (weapon)
Missiles
 a - a curare-tipped dart
 s - 59 poisoned darts
 I - 5 throwing nets
Armour
 e - a +0 cloak
 z - a +0 troll leather armour (worn)
 C - a +0 buckler
 O - +0 swamp dragon scales
 P - an orb of energy (worn)
 S - a scarf of invisibility (worn)
Jewellery
 g - an amulet of regeneration (around neck)
 n - a +4 ring of protection (left hand)
 B - the ring of Henotheism (right hand) {Ice Will+ Str-2 Dex+5}
   (You bought it in a shop on level 4 of the Dungeon)

   [ring of ice]

   Ice:       It enhances your ice magic.
   Str-2:     It affects your strength (-2).
   Dex+5:     It affects your dexterity (+5).
   rF-:       It makes you vulnerable to fire.
   rC+:       It protects you from cold.
   Will+:     It increases your willpower.
 D - a +6 ring of intelligence
 L - a ring of poison resistance
 R - a ring of protection from fire
Wands
 r - a wand of mindburst (19)
 u - a wand of charming (22)
 H - a wand of flame (2)
 J - a wand of polymorph (16)
 K - a wand of roots (6)
 N - a wand of digging (6)
Scrolls
 c - a scroll of immolation {unknown}
 d - 2 scrolls of silence
 f - 3 scrolls of poison
 h - 2 scrolls of identify
 j - 6 scrolls of teleportation
 v - a scroll of vulnerability
 w - a scroll of blinking {unknown}
 y - 2 scrolls of fear
 A - 4 scrolls of fog
 E - a scroll of enchant weapon {unknown}
 T - a scroll of amnesia {unknown}
Potions
 b - 4 potions of magic
 i - 3 potions of mutation
 k - 3 potions of brilliance
 l - a potion of might
 m - 3 potions of cancellation
 o - 2 potions of enlightenment
 p - 4 potions of curing
 q - a potion of ambrosia {unknown}
 t - a potion of haste
 x - a potion of attraction
 G - 2 potions of lignification
 M - a potion of invisibility {unknown}
Miscellaneous
 Q - a phantom mirror


   Skills:
 + Level 7.6 Fighting
 - Level 10.0 Dodging
 - Level 3.0 Stealth
 + Level 8.8 Spellcasting
 - Level 10.0 Conjurations
 - Level 8.0 Fire Magic
 - Level 9.0 Alchemy


You had 11 spell levels left.
You knew the following spells:

 Your Spells              Type           Power      Damage    Failure   Level
a - Sting                 Conj/Alch      100%       1d9       1%          1
b - Mercury Vapours       Alch/Air       44%        N/A       4%          2
c - Olgreb's Toxic Radia  Alch           38%        N/A       4%          4
d - Sticky Flame          Fire/Alch      36%        2d8       4%          4
e - Mephitic Cloud        Conj/Alch/Air  29%        N/A       3%          3
f - Stone Arrow           Conj/Erth      48%        3d10      5%          3

Your spell library contained the following spells:

 Spells                   Type           Power      Damage    Failure   Level
 Freezing Cloud           Conj/Ice/Air   14%        6-21      47%         5
 Static Discharge         Conj/Air       48%        3-5/arc   3%          2
 Sandblast                Erth           14%        2d6       11%         1
 Brom's Barrelling Bould  Conj/Erth      24%        2d5       13%         4
 Necrotise                Necr           28%        1d5       38%         1
 Lesser Beckoning         Tloc           14%        N/A       50%         2
 Airstrike                Air            3%         2d(1-17)  56%         4
 Fugue of the Fallen      Necr           7%         N/A       71%         3
 Maxwell's Portable Pile  Tloc           7%         2d(5-15)  71%         3
 Ozocubu's Armour         Ice            11%        N/A       71%         3
 Teleport Other           Tloc           7%         N/A       71%         3
 Vampiric Draining        Necr           7%         2d6       71%         3
 Martyr's Knell           Necr/Summ      7%         N/A       96%         4
 Summon Lightning Spire   Summ/Air       7%         N/A       96%         4
 Curse of Agony           Necr           7%         N/A       100%        5
 Sculpt Simulacrum        Ice/Alch       17%        N/A       100%        6
 Manifold Assault         Tloc           3%         N/A       100%        7
 Ozocubu's Refrigeration  Ice            5%         4d8       100%        7
 Polar Vortex             Ice            5%         N/A       100%        9


Dungeon Overview and Level Annotations

Branches:
Dungeon (14/15)            Temple (1/1) D:4            Lair (0/5) D:11
    Orc (0/2) D:9         Ossuary (visited)           IceCv (visited)
 Vaults: D:13-14

Altars:
Ashenzari
Cheibriados
Dithmenos
Elyvilon
Fedhas
Gozag
Hepliaklqana
Kikubaaqudgha
Makhleb
Nemelex Xobeh
Okawaru
Qazlal
Ru
Sif Muna
Trog
Uskayaw
Vehumet
Wu Jian
Xom
Yredelemnul
Zin
The Shining One
Beogh

Shops:
D:4 *

Annotations:
D:3 exclusion: white imp
D:6 2 transporters, ooops's ghost, novice CoGl
D:11 1 runed translucent door, Doumij's ghost, novice KoBr
D:13 Lodul
D:14 exclusion: laughing skull


Innate Abilities, Weirdness & Mutations

You are very small and have problems with some larger weapons.
You are too small for most types of armour.
You have supernaturally acute eyesight. (SInv)
You cover ground extremely quickly. (Speed+++)
You are agile. (Dex +4, Str/Int -1)
You are robust. (+10% HP)


Message History

You feel extremely sick.
The -4 hand axe of venom burns!
The -4 hand axe of venom hits you.
You are more poisoned.
The -4 hand axe of venom misses you.
A red film seems to cover your vision as you go berserk!
You feel yourself moving faster!
You feel mighty!
You feel extremely sick.
The -4 hand axe of venom burns!
The -4 hand axe of venom misses you. The -4 hand axe of venom hits you!
You are more poisoned.
You miss the -4 hand axe of venom.
The -4 hand axe of venom is lightly damaged.
You feel extremely sick.
The -4 hand axe of venom burns!
The -4 hand axe of venom stops burning.
The -4 hand axe of venom hits you but does no damage.
You are more poisoned.
You barely miss the -4 hand axe of venom.
The -4 hand axe of venom is lightly damaged.
You feel extremely sick.
The -4 hand axe of venom hits you but does no damage.
You are more poisoned.
The -4 hand axe of venom hits you!
* * * LOW HITPOINT WARNING * * *
You are more poisoned.
You miss the -4 hand axe of venom.
The -4 hand axe of venom is lightly damaged.
* * * LOW HITPOINT WARNING * * *
You feel extremely sick.
The -4 hand axe of venom closely misses you.
You are too berserk!
You barely miss the -4 hand axe of venom.
The -4 hand axe of venom is lightly damaged.
* * * LOW HITPOINT WARNING * * *
You feel extremely sick. The -4 hand axe of venom misses you.
The -4 hand axe of venom hits you.
* * * LOW HITPOINT WARNING * * *
You are more poisoned.
You closely miss the -4 hand axe of venom.
The -4 hand axe of venom is lightly damaged.
You die...

### #.# #.# #.# ### #.#
#.###.###############
###......†..@.........### ##
#...###.###(#####........ .#
##.#.# #.###.# #..c..... ## .#
#....# #..##.# #........ #. .#
##.#.# #..##.# #)....... #. .#
#†#.# #..##.# #........ #. .#
#.#.###..##.#####........####
.####............................
........####.................####


You could see a -4 hand axe of venom.

Vanquished Creatures
  A frost giant (IceCv)
  Harold (D:11)
  A vault guard (D:13)
  A centaur warrior (D:13)
  A two-headed ogre (D:9)
  Pikel (D:5)
  2 ugly things
  2 manticores (D:13)
  3 cyclopes
  An ice statue (IceCv)
  2 unseen horrors
  2 rime drakes (D:11)
  Maggie (D:8)
  Psyche (D:8)
  13 polar bears (IceCv)
  5 trolls
  3 slime creatures (D:13)
  A vampire (D:12)
  2 wraiths
  29 yaks
  4 wyverns
  2 steam dragons
  A human (D:13)
  9 vampire mosquitoes
  4 water moccasins
  An acid dragon (D:10)
  3 sky beasts
  4 orc warriors
  2 black bears (D:11)
  An ice beast (D:7)
  3 ogres
  19 wolves
  6 centaurs
  A phantom (D:6)
  4 lemures
  5 kobold brigands
  A weeping skull (Ossuary)
  2 elf zombies (D:5)
  A bullfrog (D:7)
  A gnoll sergeant (D:9)
  A scorpion (D:4)
  9 wights (D:8)
  9 killer bees
  2 centaur zombies (Ossuary)
  6 howler monkeys
  2 jellies (D:7)
  3 human zombies
  A bombardier beetle (D:7)
  2 gnoll boudas
  5 orc priests
  4 hounds
  A sleepcap (D:5)
  A human skeleton (D:5)
  Ijyb (D:4)
  Natasha (thrice) (D:3)
  3 iguanas
  7 orc wizards
  Terence (D:3)
  2 crocodile zombies (Ossuary)
  3 hound zombies (Ossuary)
  3 mummies (Ossuary)
  11 gnolls
  An adder (shapeshifter) (D:13)
  7 adders
  A white imp (D:5)
  6 adder zombies (Ossuary)
  4 dart slugs
  27 orcs
  8 ball pythons
  5 endoplasms
  3 giant cockroaches
  2 gnoll zombies (Ossuary)
  4 goblins
  6 hobgoblins
  14 jackals
  31 kobolds
  3 quokkas
  3 ball python zombies (Ossuary)
  5 bats
  2 frilled lizards
  4 jackal zombies (Ossuary)
  5 kobold zombies (Ossuary)
  An orc skeleton (D:5)
  2 orc zombies (Ossuary)
  3 rats
374 creatures vanquished.

Notes
Turn   | Place    | Note
-------+----------+-------------------------------------------
     0 | D:1      | uuddlrlrba the Spriggan Alchemist began the quest for the
                  | Orb.
     0 | D:1      | Reached XP level 1. HP: 9/9 MP: 5/5
   274 | D:1      | Reached XP level 2. HP: 12/13 MP: 1/7
   329 | D:1      | Learned a level 2 spell: Mercury Vapours
   906 | D:1      | Reached XP level 3. HP: 16/16 MP: 5/9
  1598 | D:2      | Found a faded altar of an unknown god.
  1605 | D:2      | Reached skill level 5 in Spellcasting
  1737 | D:2      | Upgraded the game from 0.32-a0-876-gcfddb08 to
                  | 0.32-a0-886-g41c5271
  2007 | D:2      | Reached XP level 4. HP: 21/21 MP: 6/12
  2444 | D:3      | Identified the +0 robe of Surprise {Harm Rampage Regen+}
  2907 | D:3      | Found a glowing golden altar of the Shining One.
  2977 | D:3      | Noticed Terence
  2990 | D:3      | Killed Terence
  3035 | D:3      | Noticed Natasha
  3041 | D:3      | Killed Natasha
  3042 | D:3      | Reached skill level 5 in Alchemy
  3042 | D:3      | Reached XP level 5. HP: 24/24 MP: 8/13
  3140 | D:3      | Noticed Natasha
  3150 | D:3      | Killed Natasha
  3274 | D:3      | Noticed Natasha
  3281 | D:3      | Killed Natasha
  3709 | D:4      | Reached XP level 6. HP: 28/28 MP: 9/14
  3853 | D:4      | Noticed Ijyb
  3862 | D:4      | Killed Ijyb
  4060 | D:4      | Found Ygheg's Assorted Antiques.
  4064 | D:4      | Bought a smoking copper ring for 135 gold pieces
  4064 | D:4      | Identified the ring of Henotheism {Ice Will+ Str-2 Dex+5}
                  | (You bought it in a shop on level 4 of the Dungeon)
  4090 | D:4      | Found a staircase to the Ecumenical Temple.
  4118 | Temple   | Entered the Ecumenical Temple
  4154 | Temple   | Became a worshipper of Vehumet
  4368 | D:4      | Learned a level 4 spell: Olgreb's Toxic Radiance
  4371 | D:4      | Found an iron altar of Okawaru.
  4448 | D:4      | Gained mutation: You are robust. (+10% HP) [potion of
                  | mutation]
  4448 | D:4      | Gained mutation: You are agile. (Dex +4, Str/Int -1)
                  | [potion of mutation]
  4467 | D:5      | Entered Level 5 of the Dungeon
  4467 | D:5      | Noticed Pikel
  4467 | D:5      | Noticed a water moccasin
  4706 | D:5      | Identified the +2 leather armour of Asalai {Will- Dex+8}
  4752 | D:5      | Killed Pikel
  4753 | D:5      | Reached XP level 7. HP: 35/35 MP: 8/17
  4758 | D:5      | Learned a level 4 spell: Sticky Flame
  4762 | D:5      | Learned a level 3 spell: Mephitic Cloud
  4842 | D:5      | Reached skill level 1 in Fire Magic
  4905 | D:5      | Reached XP level 8. HP: 39/39 MP: 8/18
  5175 | D:5      | Found a sand-covered staircase.
  5180 | Ossuary  | Entered an ossuary
  5245 | Ossuary  | Reached * piety under Vehumet
  5245 | Ossuary  | Offered knowledge of Kiss of Death by Vehumet.
  5711 | D:5      | Offered knowledge of Searing Ray by Vehumet.
  5712 | D:5      | Reached skill level 5 in Fire Magic
  5746 | D:5      | Reached ** piety under Vehumet
  5880 | D:5      | Found a shimmering altar of Xom.
  6286 | D:6      | Found a transporter.
  6300 | D:6      | Noticed ooops's ghost (novice CoGl)
  6387 | D:6      | Found a transporter.
  6609 | D:6      | Found a shadowy altar of Dithmenos.
  6693 | D:6      | Found a hide-covered altar of Uskayaw.
  6693 | D:6      | Found a sacrificial altar of Ru.
  6787 | D:7      | Reached XP level 9. HP: 31/42 MP: 9/19
  7165 | D:7      | Offered knowledge of Stone Arrow by Vehumet.
  7235 | D:7      | Learned a level 3 spell: Stone Arrow
  7372 | D:7      | Reached skill level 1 in Conjurations
  7471 | D:7      | Identified the beast talisman of the Moon {rPois rF+ Int+4}
  8185 | D:8      | Noticed Psyche
  8191 | D:8      | Killed Psyche
  8288 | D:8      | Reached *** piety under Vehumet
  8893 | D:8      | Reached XP level 10. HP: 48/48 MP: 13/20
  8965 | D:8      | Noticed Maggie
  8972 | D:8      | Killed Maggie
  8973 | D:8      | Reached skill level 5 in Conjurations
  9107 | D:8      | Offered knowledge of Hailstorm by Vehumet.
  9581 | D:8      | Found a glowing silver altar of Zin.
  9581 | D:8      | Found a shimmering blue altar of Sif Muna.
  9589 | D:8      | Found a burning altar of Makhleb.
  9591 | D:8      | Found an ornate altar of the Wu Jian Council.
  9593 | D:8      | Found a blossoming altar of Fedhas.
  9979 | D:9      | Noticed a two-headed ogre
  9986 | D:9      | Killed a two-headed ogre
 10091 | D:9      | Reached **** piety under Vehumet
 10305 | D:9      | Offered knowledge of Inner Flame by Vehumet.
 10441 | D:9      | Found a staircase to the Orcish Mines.
 10445 | D:9      | Found a roughly hewn altar of Beogh.
 10601 | D:9      | Found a basalt altar of Yredelemnul.
 10909 | D:10     | Entered Level 10 of the Dungeon
 11175 | D:10     | Reached XP level 11. HP: 44/51 MP: 17/21
 12125 | D:11     | Noticed Harold
 12234 | D:11     | Killed Harold
 12245 | D:11     | Reached ***** piety under Vehumet
 12345 | D:11     | Found a staircase to the Lair.
 12354 | D:11     | Offered knowledge of Lee's Rapid Deconstruction by Vehumet.
 12415 | D:11     | Reached skill level 10 in Conjurations
 12445 | D:11     | Found a frozen archway.
 12448 | D:11     | You fall into a shaft and drop 3 floors!
 12506 | D:14     | Noticed an entropy weaver
 12508 | D:13     | Noticed a centaur warrior
 12508 | D:13     | Noticed a naga sharpshooter
 12508 | D:13     | Noticed a rakshasa
 12508 | D:13     | Found a sparkling altar of Nemelex Xobeh.
 12510 | D:13     | Noticed a -4 hand axe
 12623 | D:12     | Reached skill level 1 in Fighting
 12699 | D:11     | Found a runed translucent door.
 12782 | IceCv    | Entered an ice cave
 12915 | IceCv    | Noticed a white ugly thing
 12922 | IceCv    | Killed a white ugly thing
 12977 | IceCv    | Reached skill level 5 in Dodging
 13688 | IceCv    | Identified the +0 helmet of the Mind {*Corrode *Slow Int+2
                  | Dex+7}
 13728 | IceCv    | Noticed a frost giant
 13742 | IceCv    | Reached XP level 12. HP: 48/63 MP: 20/22
 13748 | IceCv    | Killed a frost giant
 13824 | IceCv    | Reached skill level 5 in Fighting
 14429 | D:11     | Noticed Doumij's ghost (novice KoBr)
 14430 | D:11     | Identified the +4 spear of Kanaynlo {heavy, *Rage rElec rC+
                  | Will+ MP+9}
 14567 | D:11     | Offered knowledge of Freezing Cloud by Vehumet.
 14787 | D:11     | Identified the +1 chain mail of the Camelopard {Str+5}
 14818 | D:11     | Identified the +9 hand axe "Xaunemaa" {heavy, Str+2 Dex+6}
 15276 | D:12     | Reached skill level 10 in Dodging
 15654 | D:13     | Noticed a centaur warrior
 15720 | D:13     | Noticed Lodul
 16249 | D:13     | Killed a centaur warrior
 16328 | D:13     | Noticed a vault guard
 16361 | D:13     | Killed a vault guard
 16397 | D:13     | HP: 4/105 [poisoned by a -4 hand axe of venom]
 16398 | D:13     | Succumbed to a -4 hand axe of venom's poison

Illustrated notes

Levels and vault maps discovered:
D:1:      dpeg_arrival_long_road, layout_loops_cross, minmay_misc_feat_cross,
          chequers_serial_rivers_small_3
D:2:      layout_basic, dreamdust_ecumenical_altar_angels_and_demons
D:3:      layout_basic, tso_oasis_becter, uniq_terence, uniq_natasha
D:4:      layout_basic, okawaru_ov_weapons_minmay,
          minmay_temple_entry_mini_moons, serial_shops,
          nicolae_shop_tiny_real_fake_doors, minmay_starry_boxes, uniq_ijyb
D:5:      layout_basic, kennysheep_mini, nicolae_ossuary_entry_catacombs,
          uniq_pikel
D:6:      layout_cave_pools, nicolae_dithmenos_through_a_glass_darkly,
          gammafunk_temple_overflow_wave, gammafunk_ghost_stat_death,
          dreamdust_princess_bridge
D:7:      layout_cave_pods, serial_glass, glass_columns_c, glass_columns_a,
          chequers_serial_rivers_small_b
D:8:      layout_cave_pods, chequers_temple_overflow_minitemple, uniq_maggie,
          uniq_psyche
D:9:      layout_stronghold, mainiacjoe_overflow_six_doors_small,
          minmay_orc_entry_temple_small
D:10:     layout_loops_corners
D:11:     layout_roguey, minmay_lair_entry_grove, ebering_ghost_funeral_grove,
          portal_ice_cave_rime, evilmike_butchery, uniq_harold
D:12:     layout_small_grid
D:13:     regret_index_nemelex_summoning_deck_glade, layout_basic,
          hellmonk_vaults_keyhole, nrook_campfire, uniq_lodul
D:14:     layout_rooms, minivault_11, zin_angel
Temple:   cyrus_temple_forest

Skill      XL: |  1  2  3  4  5  6  7  8  9 10 11 12 |
---------------+-------------------------------------+-----
Spellcasting   | 3 4 5 6 8 |  8.8
Alchemy        | 5 6 9 |  9.0
Fire Magic     | 2 6 8 |  8.0
Conjurations   | 4 8 10 | 10.0
Dodging        | 7 10 | 10.0
Fighting       | 4 7 |  7.6
Stealth        | |  3.0

Action                     |  1- 3 |  4- 6 |  7- 9 | 10-12 || total
---------------------------+-------+-------+-------+-------++-------
  Melee: Dagger            |    10 |       |       |       ||    10
         Hand axe          |       |     7 |       |    19 ||    26
         Short sword       |       |     4 |   192 |    68 ||   264
  Throw: Dart              |       |     5 |       |     3 ||     8
   Cast: Sting             |    74 |   116 |    86 |    87 ||   363
         Olgreb's Toxic Ra |       |     4 |    28 |    93 ||   125
         Mercury Vapours   |       |     1 |     1 |     7 ||     9
         Sticky Flame      |       |       |    27 |    32 ||    59
         Stone Arrow       |       |       |     8 |    86 ||    94
         Mephitic Cloud    |       |       |     1 |     6 ||     7
    Use: Scroll            |     1 |     4 |     6 |     3 ||    14
         Potion            |       |     3 |     4 |     3 ||    10
   Stab: Sleeping          |       |       |     4 |       ||     4
         Distracted        |       |       |     2 |       ||     2
         Confused          |       |       |       |     1 ||     1
 Armour: Robe              |    11 |    16 |    79 |       ||   106
         Steam dragon scal |       |       |     6 |    69 ||    75
         Troll leather arm |       |       |       |    26 ||    26
  Dodge: Dodged            |    23 |    30 |   165 |   252 ||   470

Table legend: (Time is in decaauts)
 A = Elapsed time spent in this place.
 B = Non-inter-level travel time spent in this place.
 C = Inter-level travel time spent in this place.
 D = Time resting spent in this place.
 E = Time spent auto-exploring this place.
 F = Levels seen in this place.
 G = Mean time per level.
                   A        B        C        D        E       F      G
               +--------+--------+--------+--------+--------+-----+--------+
         Total |  12649 |  12310 |    339 |   4581 |   5286 |  17 |  744.1 |
       Dungeon |  10856 |  10536 |    320 |   3669 |   4999 |  14 |  775.4 |
        Temple |     44 |     25 |     19 |      0 |      0 |   1 |   44.0 |
       Ossuary |    447 |    447 |      0 |     68 |    116 |   1 |  447.0 |
      Ice Cave |   1301 |   1301 |      0 |    843 |    170 |   1 | 1301.0 |
               +--------+--------+--------+--------+--------+-----+--------+

Top non-repeatable levels by time:
     D:8: 1314 daAuts
   IceCv: 1301 daAuts
     D:1: 990 daAuts
     D:9: 955 daAuts
     D:5: 942 daAuts
     D:7: 935 daAuts
     D:3: 871 daAuts
    D:10: 860 daAuts
    D:11: 858 daAuts
     D:4: 820 daAuts
     D:2: 711 daAuts
    D:13: 597 daAuts
    D:12: 576 daAuts
 Ossuary: 447 daAuts
     D:6: 380 daAuts
